 Dungeon Crawl Stone Soup version 0.30.1-11-g7821555f0a (webtiles) character file.

Game seed: 5072328885063469648

338 Hooloovoo the Cudgeller (level 6, 0/53 HPs)
             Began as a Minotaur Fighter on Nov 14, 2023.
             Was an Initiate of Yredelemnul.
             Succumbed to a scorpion's poison
             ... on level 4 of the Dungeon.
             The game lasted 00:14:26 (3037 turns).

Hooloovoo the Cudgeller (Minotaur Fighter)          Turns: 3037, Time: 00:14:26

Health: 0/53       AC: 11    Str: 22    XL:     6   Next: 29%
Magic:  1/5        EV: 10    Int:  5    God:    Yredelemnul [......]
Gold:   217        SH:  4    Dex: 10    Spells: 5/5 levels left

rFire   + . .        a - +0 flail
rCold   + . .        c - +0 buckler
rNeg    . . .        G - +2 scale mail {rC+}
rPois   .            (helmet restricted)
rElec   .            (no cloak)
rCorr   +            e - +1 pair of gloves
SInv    .            (no boots)
Will    .....        D - amulet of guardian spirit Stlth
                     r - ring of resist corrosion
HPRegen 0.28/turn    F - ring of protection from fire
MPRegen 0.09/turn

%: guardian spirit
@: lethally poisoned (0 -> -6)
A: horns 2, retaliatory headbutt
a: Renounce Religion, Recall Undead Harvest


You were on level 4 of the Dungeon.
You worshipped Yredelemnul.
Yredelemnul was noncommittal.
You visited 1 branch of the dungeon, and saw 4 of its levels.

You collected 217 gold pieces.

Inventory:

Hand Weapons
 a - a +0 flail (weapon)
 C - a +1 dagger of speed
Missiles
 m - 2 poisoned darts (quivered)
 s - 2 boomerangs
Armour
 b - a +0 scale mail
 c - a +0 buckler (worn)
 e - a +1 pair of gloves (worn)
 G - a +2 scale mail of cold resistance (worn)
Jewellery
 r - a ring of resist corrosion (left hand)
 D - an amulet of guardian spirit (around neck)
 F - a ring of protection from fire (right hand)
Scrolls
 f - 2 scrolls of teleportation {unknown}
 i - 2 scrolls of blinking {unknown}
 j - 4 scrolls of fear {unknown}
 l - a scroll of enchant armour {unknown}
 o - a scroll of amnesia {unknown}
 p - a scroll of immolation {unknown}
 t - a scroll of vulnerability {unknown}
 u - a scroll of magic mapping {unknown}
 v - 2 scrolls of noise {unknown}
 w - a scroll of silence {unknown}
 x - a scroll of torment {unknown}
 y - 2 scrolls of identify {unknown}
 B - a scroll of enchant weapon {unknown}
Potions
 d - a potion of might
 g - 2 potions of curing
 h - a potion of brilliance
 k - a potion of resistance {unknown}
 n - 2 potions of magic {unknown}
 q - a potion of attraction {unknown}
 z - a potion of haste {unknown}
 A - a potion of heal wounds {unknown}
 E - a potion of cancellation


   Skills:
 + Level 4.5 Fighting
 + Level 5.7 Maces & Flails
 + Level 5.1 Armour
 + Level 1.2 Dodging
 + Level 0.2 Stealth
 + Level 4.5 Shields
 + Level 0.1 Invocations


You had 5 spell levels left.
You didn't know any spells.
Your spell library was empty.

Dungeon Overview and Level Annotations

Branches:
Dungeon (4/15)
 Temple: D:4-7

Altars:
Yredelemnul


Innate Abilities, Weirdness & Mutations

You have a pair of horns on your head.
You reflexively headbutt those who attack you in melee.


Message History

You sock the sleepcap!
You destroy the sleepcap!
Your goblin zombie closely misses something.
It was a potion of curing.
You feel better. The scorpion stings you.
* * * LOW HITPOINT WARNING * * *
Your goblin zombie hits something but does no damage.
You block the scorpion's attack.
You thump the scorpion! Your headbutt misses the scorpion.
The scorpion is severely wounded.
The scorpion stings you.
* * * LOW HITPOINT WARNING * * *
You are lethally poisoned!
The scorpion poisons you!
You closely miss the scorpion. You headbutt the scorpion.
The scorpion is severely wounded.
* * * LOW HITPOINT WARNING * * *
You feel very sick.
Your goblin zombie barely misses something.
You block the scorpion's attack.
You feel better. The scorpion stings you.
* * * LOW HITPOINT WARNING * * *
You are lethally poisoned!
The scorpion poisons you!
Your goblin zombie barely misses something.
It was a potion of brilliance.
You feel clever all of a sudden.
* * * LOW HITPOINT WARNING * * *
You feel sick.
The scorpion stings you but does no damage.
Your goblin zombie hits the orc but does no damage.
You block the scorpion's attack.
Unknown command.
Okay, then.
It was a potion of cancellation.
Your magical effects are unravelling.
You feel magically purged.
You feel a little less clever now.
You die...
Your body rises from the dead as a mindless zombie.

##Z# ##..#
#..## ....
##.## ......
#..# ......
#.## #......
#.###.......
#.##o.......
#@#.........
#.so........
###oZ.......
##).......
##.......
#......
......
...... .....


You could see a scorpion (ally target), 2 orcs and a friendly goblin zombie.

Vanquished Creatures
  A black bear (D:4)
  A hound (D:4)
  A sleepcap (D:4)
  An iguana (D:4)
  An orc wizard (D:3)
  5 adders
  An ufetubus (D:4)
  3 dart slugs
  5 orcs (D:3)
  7 bats
  4 endoplasms
  5 giant cockroaches
  5 goblins
  6 hobgoblins
  2 jackals (D:1)
  4 kobolds
  2 quokkas
  6 ball pythons
  6 frilled lizards
  7 rats
73 creatures vanquished.

Vanquished Creatures (collateral kills)
  An adder (D:4)
  A goblin (D:4)
  A frilled lizard (D:3)
  A kobold (D:4)
4 creatures vanquished.

Vanquished Creatures (others)
  An adder zombie (D:4)
  An iguana zombie (D:4)
  A ball python zombie (D:4)
  A goblin zombie (D:4)
  A kobold zombie (D:4)
  An orc zombie (D:3)
  A spectral ufetubus (D:4)
7 creatures vanquished.

Grand Total: 84 creatures vanquished

Notes
Turn   | Place    | Note
-------+----------+-------------------------------------------
     0 | D:1      | Hooloovoo the Minotaur Fighter began the quest for the Orb.
     0 | D:1      | Reached XP level 1. HP: 19/19 MP: 0/0
    46 | D:1      | Reached XP level 2. HP: 27/27 MP: 1/1
   807 | D:2      | Reached XP level 3. HP: 32/33 MP: 2/2
  1239 | D:2      | Found a faded altar of an unknown god.
  1302 | D:2      | Prayed at the altar of an unknown god.
  1302 | D:2      | Became a worshipper of Yredelemnul the Dark
  1302 | D:2      | Reached * piety under Yredelemnul
  1530 | D:3      | Reached XP level 4. HP: 40/40 MP: 3/3
  1969 | D:3      | Reached ** piety under Yredelemnul
  2393 | D:3      | Reached *** piety under Yredelemnul
  2618 | D:4      | Reached XP level 5. HP: 41/46 MP: 4/4
  2951 | D:4      | Noticed a black bear
  2959 | D:4      | Killed a black bear
  2960 | D:4      | Reached skill level 5 in Maces & Flails
  2960 | D:4      | Reached skill level 5 in Armour
  2960 | D:4      | Reached skill level 1 in Dodging
  2960 | D:4      | Reached XP level 6. HP: 53/53 MP: 5/5
  3036 | D:4      | HP: 2/53 [poisoned by a scorpion]
  3037 | D:4      | Succumbed to a scorpion's poison

Illustrated notes

Levels and vault maps discovered:
D:1:      eino_arrival_water_cross, layout_loops_ring, grunt_decor_fettered
D:2:      layout_basic, shapermc_ecumenical_altar_ellora, minmay_pentomino_r4
D:3:      layout_basic, minmay_misc_feat_enclosed
D:4:      layout_loops_ring, roderic_roman_lattice, serial_park_tiny_1,
          amcnicky_mini_corridor_feature, nicolae_figureground_pulse

Skill      XL: |  1  2  3  4  5 |
---------------+----------------+-----
Armour         | 4 5 |  5.1
Shields        | 4 |  4.5
Fighting       | 4 |  4.5
Maces & Flails | 3 4 5 |  5.7
Dodging        | 1 |  1.2
Stealth        | |  0.2
Invocations    | |  0.1

Action                     |  1- 3 |  4- 6 || total
---------------------------+-------+-------++-------
  Melee: Flail             |    83 |    86 ||   169
         Headbutt          |     8 |     5 ||    13
 Invoke: Recall Undead Har |       |     3 ||     3
    Use: Potion            |       |     4 ||     4
 Armour: Scale mail        |    57 |    71 ||   128
  Dodge: Dodged            |    46 |    29 ||    75
  Block: Buckler           |    16 |    27 ||    43
